General information
- name: BNet
- type: Ladder team game (AT/RT)
- host: Battle.net
- saver: BrandNewWig
map: RiceFields
- players: 6
- length: 43:30
- speed: Fast
- version: 1.27 W3XP
- replay type:

» download(329 KB)
Players
team 1 (winner)
BrandNewWig (
orange | 92 APM | 3985 actions | 43:30)
6 Blademaster
2 Wind Walk
3 Critical Strike
1 Bladestorm
» actions
| Assign group hotkey | 19 | |
| Basic commands | 44 | |
| Build / train | 78 | |
| ESC pressed | 3 | |
| Enter build submenu | 95 | |
| Enter hero's abilities submenu | 6 | |
| Give item / drop item | 9 | |
| Right click | 2432 | |
| Select / deselect | 423 | |
| Select group hotkey | 618 | |
| Use ability | 258 | |
3985 total
» units
» upgrades
| Spiked Barricades | 1 | |
| Reinforced Defenses | 1 | |
| Liquid Fire | 1 | |
| Ranged Weapons | 3 | |
| Armor | 3 | |
| Troll Regeneration | 1 | |
10 total
» buildings
| Altar of Storms | 1 | |
| Orc Burrow | 4 | |
| War Mill | 1 | |
| Voodoo Lounge | 5 | |
| Watch Tower | 78 | |
| Stronghold | 1 | |
| Fortress | 1 | |
| Beastiary | 2 | |
| Barracks | 1 | |
| Great Hall | 2 | |
96 total
» build order
00:06 Altar of Storms
00:13 Orc Burrow
00:30 War Mill
01:16 Voodoo Lounge
01:54 Watch Tower
02:12 Orc Burrow
02:34 Watch Tower
02:54 Watch Tower
03:25 Watch Tower
04:13 Watch Tower
04:19 Stronghold
04:27 Watch Tower
04:44 Watch Tower
05:18 Watch Tower
05:24 Watch Tower
05:29 Watch Tower
05:30 Watch Tower
05:36 Watch Tower
05:44 Watch Tower
06:03 Voodoo Lounge
06:07 Voodoo Lounge
06:44 Fortress
06:45 Watch Tower
06:48 Beastiary
07:19 Watch Tower
07:22 Watch Tower
07:27 Beastiary
07:51 Watch Tower
08:17 Orc Burrow
08:56 Watch Tower
09:49 Orc Burrow
11:55 Watch Tower
11:56 Watch Tower
11:57 Watch Tower
11:58 Watch Tower
12:01 Watch Tower
12:02 Watch Tower
12:02 Watch Tower
12:09 Voodoo Lounge
13:32 Watch Tower
13:33 Watch Tower
15:14 Watch Tower
15:14 Watch Tower
16:28 Watch Tower
16:29 Watch Tower
16:35 Watch Tower
16:36 Watch Tower
16:58 Watch Tower
16:59 Watch Tower
17:00 Watch Tower
17:51 Watch Tower
17:52 Watch Tower
17:52 Watch Tower
18:30 Barracks
19:00 Watch Tower
19:01 Watch Tower
19:02 Watch Tower
20:05 Watch Tower
20:06 Watch Tower
20:08 Watch Tower
21:12 Watch Tower
21:13 Watch Tower
21:13 Watch Tower
23:49 Great Hall
23:52 Watch Tower
23:52 Watch Tower
23:53 Watch Tower
23:53 Watch Tower
23:57 Watch Tower
23:58 Watch Tower
23:58 Watch Tower
23:59 Watch Tower
25:11 Watch Tower
25:14 Watch Tower
25:17 Watch Tower
25:20 Watch Tower
27:04 Great Hall
29:02 Watch Tower
29:04 Watch Tower
29:17 Watch Tower
30:31 Watch Tower
30:32 Watch Tower
30:32 Watch Tower
30:33 Watch Tower
30:34 Watch Tower
31:27 Voodoo Lounge
31:54 Watch Tower
33:20 Watch Tower
33:22 Watch Tower
33:23 Watch Tower
34:37 Watch Tower
34:38 Watch Tower
34:38 Watch Tower
34:39 Watch Tower
34:40 Watch Tower
34:40 Watch Tower
» items
| Healing Salve | 2 | |
| Lesser Clarity Potion | 9 | |
| Scroll of Speed | 1 | |
| Potion of Healing | 1 | |
| Gloves of Haste | 2 | |
| Orb of Lightning | 1 | |
| Kelen's Dagger of Escape | 3 | |
| Claws of Attack +15 | 3 | |
22 total
The_Delivery (
red | 102 APM | 4458 actions | 43:29)
4 Keeper of the Grove
2 Entangling Roots
2 Thorns Aura
3 Firelord
2 Soul Burn
1 Incinerate
2 Priestess of the Moon
1 Trueshot Aura
1 Searing Arrows
» actions
| Assign group hotkey | 5 | |
| Basic commands | 450 | |
| Build / train | 71 | |
| ESC pressed | 5 | |
| Enter build submenu | 25 | |
| Enter hero's abilities submenu | 12 | |
| Give item / drop item | 3 | |
| Remove unit from queue | 2 | |
| Right click | 2455 | |
| Select / deselect | 556 | |
| Select group hotkey | 759 | |
| Use ability | 115 | |
4458 total
» units
» upgrades
| Nature's Blessing | 1 | |
| Ultravision | 1 | |
| Well Spring | 1 | |
| Strength of the Wild | 3 | |
| Reinforced Hides | 3 | |
| Corrosive Breath | 1 | |
10 total
» buildings
| Altar of Elders | 1 | |
| Moon Well | 22 | |
| Tree of Ages | 1 | |
| Tree of Life | 2 | |
| Hunter's Hall | 1 | |
| Tree of Eternity | 1 | |
| Ancient of Wind | 2 | |
| Chimaera Roost | 2 | |
32 total
» build order
00:06 Altar of Elders
00:19 Moon Well
00:21 Moon Well
01:33 Moon Well
05:06 Tree of Ages
05:42 Moon Well
07:44 Tree of Life
15:02 Tree of Life
15:11 Hunter's Hall
16:16 Tree of Eternity
16:36 Moon Well
18:07 Ancient of Wind
18:09 Ancient of Wind
21:11 Moon Well
21:13 Moon Well
24:59 Moon Well
25:01 Moon Well
27:05 Chimaera Roost
27:21 Moon Well
28:49 Moon Well
28:50 Moon Well
28:51 Moon Well
28:52 Moon Well
30:22 Chimaera Roost
36:52 Moon Well
36:54 Moon Well
36:56 Moon Well
36:56 Moon Well
40:31 Moon Well
40:32 Moon Well
40:33 Moon Well
40:34 Moon Well
» items
| Claws of Attack +15 | 1 | |
| Orb of Fire | 1 | |
| Ring of Protection +5 | 1 | |
| Claws of Attack +6 | 1 | |
| Staff of Sanctuary | 1 | |
| Healing Salve | 2 | |
7 total
TwoFortyEight (
blue | 141 APM | 6150 actions | 43:29)
4 Archmage
2 Blizzard
2 Brilliance Aura
3 Blood Mage
2 Flame Strike
1 Siphon Mana
3 Mountain King
2 Storm Bolt
1 Bash
» actions
| Assign group hotkey | 301 | |
| Basic commands | 55 | |
| Build / train | 222 | |
| Enter build submenu | 144 | |
| Enter hero's abilities submenu | 10 | |
| Give item / drop item | 7 | |
| Right click | 2913 | |
| Select / deselect | 718 | |
| Select group hotkey | 1340 | |
| Use ability | 440 | |
6150 total
» units
» upgrades
| Masonry | 3 | |
| Lumber Harvesting | 2 | |
| Magic Sentry | 1 | |
| Priest Training | 1 | |
7 total
» buildings
| Altar of Kings | 1 | |
| Farm | 3 | |
| Lumber Mill | 1 | |
| Scout Tower | 200 | |
| Arcane Tower | 20 | |
| Guard Tower | 108 | |
| Keep | 1 | |
| Arcane Vault | 5 | |
| Arcane Sanctum | 1 | |
| Castle | 1 | |
| Town Hall | 2 | |
343 total
» build order
00:04 Altar of Kings
00:06 Farm
00:46 Farm
00:49 Lumber Mill
01:06 Scout Tower
01:07 Scout Tower
01:21 Scout Tower
01:22 Scout Tower
01:23 Scout Tower
01:40 Arcane Tower
01:41 Arcane Tower
02:09 Arcane Tower
02:15 Scout Tower
02:15 Guard Tower
02:26 Guard Tower
02:39 Scout Tower
02:39 Scout Tower
02:42 Guard Tower
02:44 Scout Tower
02:46 Scout Tower
02:47 Scout Tower
02:54 Guard Tower
03:15 Guard Tower
04:00 Keep
04:03 Guard Tower
04:05 Scout Tower
04:06 Scout Tower
04:07 Scout Tower
04:07 Scout Tower
04:08 Scout Tower
04:12 Scout Tower
04:12 Scout Tower
04:13 Scout Tower
04:14 Scout Tower
04:16 Guard Tower
04:17 Scout Tower
04:17 Scout Tower
04:21 Arcane Vault
04:35 Scout Tower
04:36 Scout Tower
04:42 Guard Tower
05:20 Arcane Tower
05:21 Guard Tower
05:24 Guard Tower
05:25 Arcane Vault
05:27 Guard Tower
05:41 Guard Tower
05:43 Guard Tower
05:46 Scout Tower
05:47 Scout Tower
05:48 Scout Tower
05:48 Scout Tower
05:59 Guard Tower
06:04 Scout Tower
06:05 Scout Tower
06:06 Scout Tower
06:07 Guard Tower
06:10 Farm
06:25 Arcane Sanctum
06:44 Castle
07:08 Town Hall
07:13 Scout Tower
07:14 Scout Tower
07:15 Scout Tower
07:15 Scout Tower
07:16 Scout Tower
07:17 Scout Tower
07:18 Scout Tower
07:18 Scout Tower
07:19 Scout Tower
07:20 Scout Tower
07:20 Scout Tower
07:21 Scout Tower
07:24 Scout Tower
07:24 Scout Tower
07:26 Scout Tower
07:26 Scout Tower
07:33 Guard Tower
07:37 Scout Tower
07:40 Scout Tower
07:40 Scout Tower
07:59 Arcane Tower
08:00 Guard Tower
08:09 Guard Tower
08:13 Arcane Tower
08:19 Guard Tower
08:20 Guard Tower
08:20 Guard Tower
08:20 Guard Tower
08:30 Guard Tower
08:38 Guard Tower
08:43 Scout Tower
08:43 Scout Tower
08:49 Guard Tower
08:50 Guard Tower
08:50 Guard Tower
09:03 Guard Tower
09:13 Scout Tower
09:14 Scout Tower
09:16 Arcane Tower
09:18 Scout Tower
09:18 Scout Tower
09:23 Guard Tower
09:24 Guard Tower
09:32 Scout Tower
09:34 Guard Tower
09:48 Guard Tower
09:59 Guard Tower
10:27 Guard Tower
10:43 Guard Tower
10:51 Scout Tower
11:07 Town Hall
11:29 Scout Tower
11:29 Scout Tower
11:31 Scout Tower
11:32 Scout Tower
11:32 Scout Tower
11:33 Scout Tower
11:33 Scout Tower
11:34 Scout Tower
11:34 Scout Tower
11:34 Scout Tower
11:39 Scout Tower
11:39 Scout Tower
11:40 Scout Tower
11:50 Scout Tower
11:50 Arcane Tower
11:52 Scout Tower
11:53 Scout Tower
11:54 Scout Tower
12:02 Scout Tower
12:02 Scout Tower
12:03 Scout Tower
12:05 Scout Tower
12:05 Scout Tower
12:06 Scout Tower
12:07 Arcane Tower
12:09 Guard Tower
12:12 Guard Tower
12:14 Scout Tower
12:16 Scout Tower
12:21 Scout Tower
12:22 Scout Tower
12:30 Guard Tower
12:37 Scout Tower
12:38 Scout Tower
12:40 Scout Tower
12:42 Arcane Tower
12:43 Guard Tower
13:00 Arcane Tower
13:01 Guard Tower
13:05 Guard Tower
13:12 Guard Tower
13:13 Guard Tower
13:14 Guard Tower
13:19 Guard Tower
13:20 Scout Tower
13:21 Scout Tower
13:44 Guard Tower
13:45 Guard Tower
13:47 Guard Tower
13:55 Scout Tower
13:55 Scout Tower
13:58 Arcane Tower
13:59 Guard Tower
14:05 Guard Tower
14:07 Scout Tower
14:09 Guard Tower
14:10 Scout Tower
14:11 Arcane Tower
14:15 Guard Tower
14:17 Scout Tower
14:18 Scout Tower
14:37 Guard Tower
14:44 Scout Tower
14:45 Scout Tower
14:45 Scout Tower
14:46 Scout Tower
14:46 Scout Tower
14:55 Scout Tower
14:55 Scout Tower
14:56 Scout Tower
14:56 Scout Tower
14:57 Scout Tower
15:00 Scout Tower
15:01 Scout Tower
15:01 Scout Tower
15:03 Guard Tower
15:13 Guard Tower
15:15 Scout Tower
15:16 Scout Tower
15:18 Scout Tower
15:21 Scout Tower
15:21 Scout Tower
15:30 Scout Tower
15:32 Scout Tower
15:44 Arcane Tower
15:46 Guard Tower
15:47 Guard Tower
15:50 Guard Tower
16:35 Guard Tower
16:37 Scout Tower
16:38 Scout Tower
16:38 Scout Tower
17:06 Scout Tower
17:09 Guard Tower
17:11 Arcane Tower
17:12 Guard Tower
17:17 Scout Tower
17:18 Scout Tower
17:20 Guard Tower
17:23 Arcane Tower
17:23 Arcane Tower
17:28 Scout Tower
17:30 Scout Tower
17:31 Scout Tower
17:33 Guard Tower
17:35 Scout Tower
17:36 Scout Tower
17:37 Scout Tower
17:38 Scout Tower
17:41 Guard Tower
17:42 Scout Tower
17:43 Scout Tower
17:46 Scout Tower
17:56 Guard Tower
18:18 Scout Tower
18:18 Scout Tower
18:20 Scout Tower
18:20 Scout Tower
18:46 Scout Tower
18:47 Scout Tower
18:52 Guard Tower
18:55 Scout Tower
19:27 Arcane Vault
19:29 Guard Tower
19:32 Guard Tower
19:35 Arcane Tower
19:36 Guard Tower
19:43 Arcane Vault
19:46 Scout Tower
19:54 Guard Tower
19:58 Guard Tower
20:11 Scout Tower
20:12 Scout Tower
20:13 Scout Tower
20:38 Guard Tower
20:42 Guard Tower
20:44 Scout Tower
20:45 Scout Tower
20:56 Scout Tower
20:57 Scout Tower
21:11 Guard Tower
21:22 Scout Tower
21:23 Scout Tower
21:24 Guard Tower
21:49 Guard Tower
22:00 Guard Tower
22:32 Guard Tower
22:36 Scout Tower
24:31 Guard Tower
25:39 Scout Tower
25:39 Scout Tower
25:41 Scout Tower
25:42 Scout Tower
25:51 Scout Tower
25:52 Scout Tower
25:52 Scout Tower
26:11 Guard Tower
26:54 Scout Tower
26:55 Scout Tower
27:11 Scout Tower
27:11 Scout Tower
27:12 Scout Tower
27:12 Scout Tower
27:26 Guard Tower
27:27 Scout Tower
27:38 Guard Tower
27:55 Scout Tower
27:56 Guard Tower
28:07 Scout Tower
28:09 Scout Tower
28:11 Guard Tower
28:18 Scout Tower
28:19 Scout Tower
28:20 Scout Tower
28:20 Scout Tower
28:21 Scout Tower
28:22 Scout Tower
28:22 Scout Tower
28:23 Scout Tower
28:23 Guard Tower
29:11 Scout Tower
29:12 Scout Tower
29:13 Scout Tower
29:14 Scout Tower
30:04 Guard Tower
30:38 Guard Tower
30:50 Guard Tower
30:56 Arcane Tower
30:58 Arcane Vault
31:14 Scout Tower
31:15 Scout Tower
32:26 Guard Tower
32:41 Scout Tower
32:43 Scout Tower
32:44 Scout Tower
33:16 Guard Tower
33:27 Scout Tower
33:28 Scout Tower
33:28 Scout Tower
33:29 Scout Tower
33:30 Scout Tower
33:30 Scout Tower
33:32 Scout Tower
33:32 Scout Tower
33:45 Guard Tower
35:01 Guard Tower
35:28 Scout Tower
35:57 Guard Tower
36:00 Guard Tower
36:11 Scout Tower
36:12 Scout Tower
36:50 Guard Tower
37:08 Guard Tower
39:12 Scout Tower
39:39 Guard Tower
39:41 Scout Tower
40:30 Guard Tower
40:32 Scout Tower
41:15 Guard Tower
» items
| Healing Salve | 4 | |
| Orb of Lightning | 3 | |
| Lesser Clarity Potion | 5 | |
| Staff of Sanctuary | 3 | |
| Scroll of Regeneration | 4 | |
| Ring of Protection +5 | 4 | |
| Health Stone | 2 | |
25 total
team 2 (loser)
Behemoth. (
purple | 62 APM | 2653 actions | 43:05)
5 Death Knight
3 Death Coil
2 Unholy Aura
4 Lich
2 Frost Nova
2 Frost Armor
4 Naga Sea Witch
2 Frost Arrows
2 Forked Lightning
» actions
| Assign group hotkey | 28 | |
| Basic commands | 1 | |
| Build / train | 74 | |
| Enter build submenu | 41 | |
| Enter hero's abilities submenu | 13 | |
| Give item / drop item | 5 | |
| Remove unit from queue | 2 | |
| Right click | 1379 | |
| Select / deselect | 346 | |
| Select group hotkey | 578 | |
| Use ability | 186 | |
2653 total
» units
| Acolyte | 25 | |
| Ghoul | 7 | |
| Crypt Fiend | 5 | |
| Frost Wyrm | 3 | |
40 total
» upgrades
» buildings
| Graveyard | 1 | |
| Crypt | 1 | |
| Altar of Darkness | 1 | |
| Ziggurat | 28 | |
| Tomb of Relics | 1 | |
| Nerubian Tower | 2 | |
| Halls of the Dead | 2 | |
| Necropolis | 2 | |
| Black Citadel | 1 | |
| Sacrificial Pit | 2 | |
| Boneyard | 4 | |
| Spirit Tower | 4 | |
| Slaughterhouse | 2 | |
51 total
» build order
00:22 Graveyard
00:43 Crypt
00:55 Altar of Darkness
01:09 Ziggurat
01:25 Ziggurat
01:42 Tomb of Relics
03:07 Nerubian Tower
04:08 Halls of the Dead
04:36 Ziggurat
04:57 Necropolis
05:25 Halls of the Dead
06:04 Ziggurat
06:56 Ziggurat
08:00 Black Citadel
08:25 Sacrificial Pit
08:42 Ziggurat
08:43 Nerubian Tower
09:34 Ziggurat
10:52 Sacrificial Pit
11:10 Boneyard
11:12 Boneyard
11:13 Boneyard
12:15 Boneyard
14:22 Spirit Tower
15:28 Slaughterhouse
15:29 Slaughterhouse
26:12 Ziggurat
26:15 Ziggurat
26:16 Ziggurat
26:17 Ziggurat
26:18 Ziggurat
26:18 Ziggurat
27:14 Spirit Tower
30:21 Ziggurat
30:23 Ziggurat
30:25 Ziggurat
30:26 Ziggurat
30:29 Ziggurat
30:31 Ziggurat
33:43 Necropolis
34:05 Spirit Tower
35:37 Ziggurat
35:40 Ziggurat
35:45 Ziggurat
35:47 Ziggurat
36:05 Ziggurat
37:38 Spirit Tower
39:38 Ziggurat
39:39 Ziggurat
39:41 Ziggurat
39:43 Ziggurat
» items
| Rod of Necromancy | 2 | |
| Dust of Appearance | 1 | |
| Scroll of Regeneration | 1 | |
| Scroll of Town Portal | 1 | |
5 total
ERNESCIK (
teal | 59 APM | 2550 actions | 43:29)
5 Death Knight
3 Death Coil
2 Unholy Aura
3 Lich
2 Frost Nova
1 Frost Armor
» actions
| Assign group hotkey | 225 | |
| Basic commands | 47 | |
| Build / train | 63 | |
| Enter build submenu | 16 | |
| Enter hero's abilities submenu | 8 | |
| Give item / drop item | 1 | |
| Right click | 1160 | |
| Select / deselect | 413 | |
| Select group hotkey | 507 | |
| Use ability | 109 | |
2550 total
» units
| Acolyte | 6 | |
| Ghoul | 2 | |
| Crypt Fiend | 6 | |
| Obsidian Statue | 2 | |
| Abomination | 1 | |
| Meatwagon | 13 | |
30 total
» upgrades
| Creature Attack | 1 | |
| Creature Carapace | 1 | |
| Web | 1 | |
| Destroyer Form | 1 | |
| Unholy Strength | 2 | |
6 total
» buildings
| Graveyard | 1 | |
| Crypt | 1 | |
| Ziggurat | 10 | |
| Altar of Darkness | 1 | |
| Tomb of Relics | 1 | |
| Nerubian Tower | 2 | |
| Halls of the Dead | 1 | |
| Black Citadel | 1 | |
| Slaughterhouse | 2 | |
| Spirit Tower | 3 | |
23 total
» build order
00:08 Graveyard
00:10 Crypt
00:44 Ziggurat
01:06 Altar of Darkness
01:40 Tomb of Relics
02:11 Ziggurat
02:47 Ziggurat
03:25 Nerubian Tower
03:56 Halls of the Dead
06:04 Ziggurat
07:21 Black Citadel
08:37 Slaughterhouse
09:39 Slaughterhouse
12:26 Ziggurat
12:26 Ziggurat
12:27 Ziggurat
14:48 Ziggurat
14:48 Ziggurat
14:48 Ziggurat
16:43 Spirit Tower
16:44 Spirit Tower
16:45 Nerubian Tower
16:47 Spirit Tower
» items
| Rod of Necromancy | 2 | |
| Dust of Appearance | 1 | |
| Scroll of Town Portal | 3 | |
| Potion of Healing | 4 | |
10 total
Xepa (
pink | 58 APM | 2516 actions | 43:14)
5 Archmage
3 Summon Water Elemental
1 Blizzard
1 Brilliance Aura
1 Mountain King
1 Storm Bolt
1 Blood Mage
1 Flame Strike
» actions
| Build / train | 73 | |
| Enter build submenu | 40 | |
| Enter hero's abilities submenu | 8 | |
| Remove unit from queue | 7 | |
| Right click | 1543 | |
| Select / deselect | 727 | |
| Use ability | 118 | |
2516 total
» units
| Peasant | 14 | |
| Footman | 5 | |
| Rifleman | 7 | |
| Spell Breaker | 2 | |
| Sorceress | 2 | |
| Knight | 5 | |
| Gryphon Rider | 1 | |
| Siege Engine | 8 | |
| Mortar Team | 3 | |
| Dragonhawk Rider | 1 | |
48 total
» upgrades
| Gunpowder | 1 | |
| Animal War Training | 1 | |
| Armor | 1 | |
| Priest Training | 1 | |
| Long Rifles | 1 | |
5 total
» buildings
| Altar of Kings | 1 | |
| Barracks | 2 | |
| Farm | 12 | |
| Lumber Mill | 2 | |
| Scout Tower | 8 | |
| Arcane Tower | 2 | |
| Keep | 1 | |
| Arcane Vault | 1 | |
| Blacksmith | 1 | |
| Arcane Sanctum | 1 | |
| Castle | 1 | |
| Gryphon Aviary | 3 | |
| Workshop | 5 | |
| Guard Tower | 1 | |
41 total
» build order
00:04 Altar of Kings
00:08 Barracks
00:10 Farm
00:53 Farm
01:35 Lumber Mill
02:10 Scout Tower
02:44 Arcane Tower
03:13 Scout Tower
03:31 Farm
04:00 Keep
04:27 Arcane Vault
04:36 Blacksmith
04:54 Arcane Tower
06:53 Arcane Sanctum
08:16 Farm
08:19 Castle
09:06 Farm
09:49 Farm
10:28 Farm
11:07 Farm
12:04 Gryphon Aviary
12:24 Barracks
13:45 Farm
14:12 Farm
14:22 Scout Tower
14:28 Scout Tower
14:34 Scout Tower
14:41 Scout Tower
14:44 Scout Tower
14:53 Scout Tower
15:17 Workshop
16:43 Guard Tower
17:04 Gryphon Aviary
17:49 Workshop
18:31 Workshop
19:31 Workshop
20:26 Farm
20:55 Farm
33:49 Workshop
40:44 Lumber Mill
41:33 Gryphon Aviary
Chat log
(00:14 / All) BrandNewWig: thanks
(00:17 / All) BrandNewWig: wait
(00:19 / All) BrandNewWig: pizza is here
(00:20 / All) The_Delivery: pizza
(00:26 / All) BrandNewWig: u ever got a pizz
(00:31 / All) BrandNewWig: xcuse me
(00:33 / All) The_Delivery: you might be getting......
(00:33 / All) BrandNewWig: u ever did get a pizza
(00:35 / All) The_Delivery: a delivery
(00:35 / All) BrandNewWig: deliver 2 ure house??"
(03:11 / Allies) The_Delivery: roger
(07:25 / Allies) The_Delivery: top right?
(07:36 / Allies) The_Delivery: yeah i see that knucklehead
(07:40 / Allies) The_Delivery: talking about the future
(08:16 / Allies) The_Delivery: grabbin 2nd hero then feed resume
(13:50 / Allies) The_Delivery: nay
(14:00 / Allies) The_Delivery: we are but men
(14:01 / Allies) The_Delivery: rock
(16:48 / Allies) The_Delivery: claws 15
(16:55 / Allies) The_Delivery: a smidge shy
(17:09 / Allies) The_Delivery: got em
(20:49 / Allies) The_Delivery: siiiiiiick
(26:07 / Allies) The_Delivery: they havent taken
(26:09 / Allies) The_Delivery: this one at all lmao
(31:45 / Allies) The_Delivery: asdf
(33:49 / Allies) The_Delivery: lmao
(33:53 / Allies) The_Delivery: thats dogmode
(34:45 / Allies) The_Delivery: dont have any
(34:59 / Allies) The_Delivery: u big noob
(35:47 / Allies) The_Delivery: sure
(35:51 / Allies) The_Delivery: or firelord
(36:59 / Allies) The_Delivery: pl
(37:01 / Allies) The_Delivery: ok
(37:04 / Allies) The_Delivery: i got no cash flow though
(42:09 / All) Behemoth.: lol
(42:12 / All) Behemoth.: ur not good
(42:16 / All) BrandNewWig: what..
(42:22 / All) Behemoth.: true ;)
(42:26 / All) BrandNewWig: no..
(42:29 / All) Behemoth.: yes
(42:33 / All) BrandNewWig: not..true..
(42:43 / All) Behemoth.: u need milion tower?
(42:43 / All) BrandNewWig: stop...
(42:47 / All) Behemoth.: u scary micro?
(42:48 / All) BrandNewWig: i need 1 hero..
(42:56 / All) Behemoth.: and milion towers ;)
(43:01 / All) BrandNewWig: how many...hero u got..
(43:02 / All) Behemoth.: russian faggot.
(43:04 / All) BrandNewWig: -1...
(43:07 / All) TwoFortyEight: how hard is it to kill towers??
(43:08 / All) TwoFortyEight: they dont move